 Dungeon Crawl Stone Soup version 0.20-a0-507-gc86f373 (webtiles) character file.

1211 Glaeka the Slasher (level 8, -11/61 HPs)
             Began as a Formicid Fighter on Jan 21, 2017.
             Was a Follower of Qazlal.
             Mangled by a two-headed ogre
             ... wielding a +0 giant spiked club
              (14 damage)
             ... on level 7 of the Dungeon.
             The game lasted 00:41:21 (3886 turns).

Glaeka the Slasher (Formicid Fighter)               Turns: 3886, Time: 00:41:23

Health: -11/61     AC: 16    Str: 24    XL:     8   Next: 74%
Magic:  8/8        EV:  8    Int:  7    God:    Qazlal [*.....]
Gold:   249        SH: 11    Dex: 10    Spells: 7/7 levels left

rFire    . . .     SeeInvis +   a - +0 long sword
rCold    . . .     Gourm    .   u - +0 plate armour
rNeg     . . .     Faith    .   c - +0 shield
rPois    .         Spirit   .   (helmet unavailable)
rElec    .         Reflect  .   (no cloak)
rCorr    .         Harm     .   q - +2 pair of gloves
MR       .....                  m - +0 pair of boots
Stlth    ..........             (no amulet)
Regen    0.2/turn               B - ring of stealth
                                y - +3 ring of evasion

@: no status effects
A: permanent stasis, dig shafts and tunnels, four strong arms, antennae 3
a: Dig, Shaft Self, Renounce Religion


You were on level 7 of the Dungeon.
You worshipped Qazlal.
Qazlal was aware of your devotion.
You were full.

You visited 2 branches of the dungeon, and saw 8 of its levels.

You collected 249 gold pieces.

Inventory:

Hand Weapons
 a - a +0 long sword (weapon)
Missiles
 d - 7 tomahawks (quivered)
Armour
 b - a +0 scale mail
 c - a +0 shield (worn)
 m - a +0 pair of boots (worn)
 q - a +2 pair of gloves (worn)
 u - a +0 plate armour (worn)
Magical Staves
 G - an uncursed staff of summoning {unknown}
Jewellery
 y - a +3 ring of evasion (left hand)
 B - a ring of stealth (right hand)
Wands
 z - a wand of confusion (23/48)
 F - a wand of clouds (5/9)
Scrolls
 g - 2 scrolls of amnesia {unknown}
 h - 2 scrolls of identify
 k - a scroll of remove curse {unknown}
 n - a scroll of fog {unknown}
 o - 3 scrolls of immolation {unknown}
 p - 6 scrolls of magic mapping
 s - a scroll of fear {unknown}
 v - 3 scrolls of noise {unknown}
 A - a scroll of recharging {unknown}
 C - a scroll of enchant weapon {unknown}
 D - 3 scrolls of enchant armour {unknown}
 E - 2 scrolls of random uselessness {unknown}
Potions
 e - a potion of curing
 j - a potion of haste {unknown}
 l - 3 potions of magic
 r - 2 potions of lignification
 t - a potion of brilliance {unknown}
 x - a potion of degeneration {unknown}
Comestibles
 f - 3 bread rations
 i - 3 meat rations
 w - a chunk of flesh


   Skills:
 + Level 4.7 Fighting
 * Level 7.8 Long Blades
 + Level 2.1 Throwing
 + Level 5.4 Armour
 + Level 5.0 Shields


You had 7 spell levels left.
You didn't know any spells.

Dungeon Overview and Level Annotations

Branches:
Dungeon (7/15)             Temple (1/1) D:4

Altars:
Cheibriados
Dithmenos
Elyvilon
Fedhas
Gozag
Makhleb
Nemelex Xobeh
Okawaru
Qazlal
Ru
Sif Muna
Trog
Uskayaw
Vehumet
Xom
Yredelemnul
The Shining One

Annotations:
D:5 Edmund


Innate Abilities, Weirdness & Mutations

You cannot be hasted, slowed, berserked, paralysed or teleported.
You can dig through walls and to a lower floor.
Your four strong arms can wield two-handed weapons with a shield.
You have a pair of large antennae on your head. (SInv)


Message History

The two-headed ogre is almost dead.
You block the two-headed ogre's attack. x2
You completely miss the two-headed ogre.
The two-headed ogre is almost dead.
The two-headed ogre hits you with a giant spiked club!
* * * LOW HITPOINT WARNING * * *
The two-headed ogre barely misses you.
Evoke which item? (* to show all) (? for menu, Esc to quit)
Aiming: Confuse (will waste charges)
Press: ? - help, Shift-Dir - straight line, f/p - two-headed ogre
Aim: a two-headed ogre, wielding a giant spiked club and a giant club (almost dead, chance to defeat MR: 28%)
The two-headed ogre easily resists.
Evoking this partially-identified wand wasted a few charges.
You hit the two-headed ogre.
The two-headed ogre is almost dead.
The two-headed ogre barely misses you.
You riposte.
You hit the two-headed ogre.
The two-headed ogre is almost dead.
The two-headed ogre hits you with a giant club!
You die...

.........F.......######
.......................
..(.....O.........#####
.......##.##.####.#
######. #.......### #.
####.#### # #. #...###
..÷ #. #†#..O#..# #
#.###.#.@(.# { .. .
#.....#.#.## #.##
....###.#.####.###
####... ## #..........#
...... ###.####.#.# #....
#.#####.####.#.######....
................ .......
#.###.#....#.#.# #..#.
#.#.......(######....


You could see a two-headed ogre.

Vanquished Creatures
  Menkaure (D:7)
  Duvessa (D:6)
  An orc warrior (D:6)
  A slave (D:6)
  An ogre (D:4)
  A phantom (D:6)
  A bullfrog (D:7)
  Dowan (D:6)
  A howler monkey (D:5)
  A bullfrog zombie (D:7)
  An orc priest (D:4)
  A hound (D:3)
  2 centaur skeletons (D:5)
  5 orc wizards (D:3)
  Natasha (twice) (D:2)
  2 worker ants
  10 adders
  An ooze (D:2)
  A dart slug (D:1)
  2 leopard geckos
  13 orcs
  5 giant cockroaches
  9 goblins
  6 hobgoblins
  4 jackals (D:5)
  3 kobolds
  3 quokkas
  6 bats
  4 frilled lizards
  5 rats
95 creatures vanquished.

Vanquished Creatures (others)
  An orc (D:3)
1 creature vanquished.

Grand Total: 96 creatures vanquished

Notes
Turn   | Place    | Note
-------+----------+-------------------------------------------
     0 | D:1      | Glaeka the Formicid Fighter began the quest for the Orb.
     0 | D:1      | Reached XP level 1. HP: 18/18 MP: 1/1
   206 | D:1      | Reached XP level 2. HP: 24/24 MP: 2/2
   629 | D:2      | Reached XP level 3. HP: 29/29 MP: 3/3
   635 | D:2      | Noticed Natasha
   653 | D:2      | Killed Natasha
   690 | D:2      | Reached skill level 3 in Long Blades
   690 | D:2      | Reached XP level 4. HP: 18/37 MP: 4/4
   964 | D:2      | Noticed Natasha
   974 | D:2      | Killed Natasha
  1103 | D:2      | Found a blossoming altar of Fedhas.
  1332 | D:2      | Reached XP level 5. HP: 42/42 MP: 5/5
  1642 | D:3      | Reached skill level 4 in Long Blades
  1954 | D:3      | Reached XP level 6. HP: 32/48 MP: 6/6
  1960 | D:3      | Reached skill level 5 in Long Blades
  2356 | D:4      | Noticed an ogre
  2366 | D:4      | Killed an ogre
  2366 | D:4      | Reached XP level 7. HP: 40/54 MP: 7/7
  2390 | D:4      | Found a staircase to the Ecumenical Temple.
  2394 | Temple   | Entered the Ecumenical Temple
  2424 | Temple   | Became a worshipper of Qazlal Stormbringer
  2910 | D:4      | Found a snail-covered altar of Cheibriados.
  3081 | D:5      | Entered Level 5 of the Dungeon
  3131 | D:5      | Reached skill level 6 in Long Blades
  3382 | D:5      | Reached skill level 1 in Throwing
  3382 | D:5      | Reached skill level 5 in Armour
  3415 | D:5      | Noticed Edmund
  3464 | D:6      | Noticed Duvessa
  3473 | D:6      | Noticed Dowan
  3475 | D:6      | Killed Duvessa
  3475 | D:6      | Reached XP level 8. HP: 60/61 MP: 8/8
  3476 | D:6      | Killed Dowan
  3476 | D:6      | Reached * piety under Qazlal
  3621 | D:6      | Reached skill level 7 in Long Blades
  3690 | D:7      | Noticed Menkaure
  3706 | D:7      | HP: 2/61 [Menkaure (10)]
  3715 | D:7      | Killed Menkaure
  3715 | D:7      | Reached skill level 5 in Shields
  3847 | D:7      | Noticed a two-headed ogre
  3849 | D:7      | Upgraded the game from 0.20-a0-502-g555d78b to 0.20-a0-507-gc86f373
  3884 | D:7      | HP: 2/61 [two-headed ogre/giant spiked club (14)]
  3886 | D:7      | Mangled by a two-headed ogre

Vault maps used:
D:1:      evilmike_arrival_hilbert_curve, minmay_tree_intersection,
          minmay_box_of_dots
D:2:      fedhas_altar_3, uniq_natasha
D:3:      first_bread, kennysheep_nub
D:4:      marbit_many_paths
D:5:      chequers_temple_overflow_minitemple, uniq_edmund
D:6:      uniq_duvessa, uniq_pikel
D:7:      grunt_ogre_cave, uniq_menkaure
Temple:   regret_index_temple_sphere_string

Skill      XL: |  1  2  3  4  5  6  7  8 |
---------------+-------------------------+-----
Shields        | 4 5 |  5.0
Long Blades    | 3 4 5 6 7 |  7.8
Armour         | 4 5 |  5.4
Fighting       | 4 |  4.7
Throwing       | 1 2 |  2.1

Action                   |  1- 3 |  4- 6 |  7- 9 || total
-------------------------+-------+-------+-------++-------
Melee: Long sword        |    75 |   193 |   220 ||   488
Throw: Tomahawk          |       |    19 |    35 ||    54
Evoke: Wand              |       |       |     3 ||     3
  Use: Potion            |     1 |     1 |     3 ||     5
       Scroll            |       |     4 |     4 ||     8
  Eat: Chunk             |       |     4 |     2 ||     6
       Fruit             |       |     2 |     7 ||     9
       Buggy             |       |       |     1 ||     1
Armor: Scale mail        |    25 |     4 |       ||    29
       Plate armour      |       |    94 |    73 ||   167
Dodge: Dodged            |    15 |    45 |    48 ||   108
Block: Shield            |    35 |    84 |   106 ||   225
       Rpst.: Long sword |     5 |    13 |    14 ||    32
